 Dungeon Crawl Stone Soup version 0.30-b1-2-g02819fbbbe (webtiles) character file.

Game seed: 688188170554836161

3905 LLlMATKO the Cleaver (level 10, -14/135 HPs)
             Began as a Minotaur Berserker on May 11, 2023.
             Was a Priest of Trog.
             Killed by mirror damage (18 damage)
             ... on level 8 of the Dungeon.
             The game lasted 00:06:42 (8856 turns).

LLlMATKO the Cleaver (Minotaur Berserker)           Turns: 8856, Time: 00:06:42

Health: -14/135    AC: 16    Str: 23    XL:     10   Next: 0%
Magic:  9/9        EV: 10    Int:  4    God:    Trog [***...]
Gold:   494        SH:  0    Dex: 19    Spells: 9/9 levels left

rFire   . . .        i - +0 war axe
rCold   . . .        (no shield)
rNeg    . . .        q - +0 plate armour
rPois   .            (helmet restricted)
rElec   .            r - +0 cloak
rCorr   .            (no gloves)
SInv    .            v - +0 pair of boots
Will    .....        (no amulet) Stlth
                     w - +6 ring of dexterity
HPRegen 0.42/turn    (no ring)
MPRegen 0.11/turn

%: no passive effects
@: berserking, very quick
A: horns 2, retaliatory headbutt
a: Renounce Religion, Berserk, Trog's Hand


You were on level 8 of the Dungeon.
You worshipped Trog.
Trog was most pleased with you.
You visited 1 branch of the dungeon, and saw 8 of its levels.

You collected 494 gold pieces.

Inventory:

Hand Weapons
 i - a +0 war axe (weapon)
 p - a +0 sling
Missiles
 n - 2 poisoned darts (quivered)
 y - 5 boomerangs
Armour
 q - a +0 plate armour (worn)
 r - a +0 cloak (worn)
 v - a +0 pair of boots (worn)
 K - a +0 buckler
Jewellery
 w - a +6 ring of dexterity (left hand)
 D - a ring of protection from fire
 M - a +6 ring of strength
Wands
 B - a wand of roots (27)
 G - a wand of quicksilver (9)
 J - a wand of charming (6)
 L - a wand of polymorph (8)
Scrolls
 c - 11 scrolls of teleportation {unknown}
 d - a scroll of fog
 e - 4 scrolls of identify
 j - 2 scrolls of noise {unknown}
 l - a scroll of butterflies {unknown}
 m - 4 scrolls of poison {unknown}
 o - 3 scrolls of magic mapping {unknown}
 t - a scroll of brand weapon {unknown}
 u - a scroll of enchant weapon {unknown}
 z - 2 scrolls of vulnerability {unknown}
 A - a scroll of immolation {unknown}
 C - a scroll of blinking {unknown}
 E - a scroll of silence {unknown}
Potions
 a - 5 potions of curing
 b - 2 potions of attraction {unknown}
 f - a potion of haste {unknown}
 g - a potion of heal wounds {unknown}
 h - 3 potions of lignification {unknown}
 k - 4 potions of brilliance {unknown}
 s - 2 potions of flight {unknown}
 x - a potion of invisibility {unknown}
 F - a potion of resistance {unknown}
 H - 2 potions of berserk rage {unknown}
 I - a potion of might {unknown}


   Skills:
 + Level 8.5 Fighting
 + Level 8.6 Axes
 + Level 6.4 Ranged Weapons
 + Level 8.0 Armour
 + Level 7.3 Dodging
 + Level 2.6 Shields


You had 9 spell levels left.
You didn't know any spells.
Your spell library was empty.

Dungeon Overview and Level Annotations

Branches:
Dungeon (8/15)             Temple (0/1) D:7
   Lair: D:8-11

Altars:
Dithmenos
Kikubaaqudgha
Vehumet

Shops:
D:1 ?


Innate Abilities, Weirdness & Mutations

You have a pair of horns on your head.
You reflexively headbutt those who attack you in melee.


Message History

There is an open door, spattered with blood here.
Items here: )))) [[[ รทรทรท.
There is an open door here.
Key pressed, stopping explore.
No target in view!
No target in view!
A death knight comes into view. It is wielding a +2 broad axe.
You hit the death knight.
The death knight is lightly wounded.
The death knight hits you with a +2 broad axe!!
You hit the death knight but do no damage.
The death knight is lightly wounded.
The death knight hits you with a +2 broad axe.
The death knight hits you with a +2 broad axe!!
You are too injured to fight recklessly!
A death knight is nearby!
A red film seems to cover your vision as you go berserk!
You feel yourself moving faster!
You feel mighty!
The death knight offers itself to Yredelemnul, and fills with unholy energy.
You hit the death knight but do no damage.
You headbutt the death knight!
The death knight is moderately wounded.
The death knight reflects your damage back at you!
You slice the death knight!!
The death knight is heavily wounded.
The death knight reflects your damage back at you!
The death knight hits you with a +2 broad axe!
* * * LOW HITPOINT WARNING * * *
You hit the death knight but do no damage.
Your headbutt misses the death knight.
The death knight is heavily wounded.
You barely miss the death knight.
You headbutt the death knight, but do no damage.
The death knight is heavily wounded.
The death knight hits you with a +2 broad axe!!
* * * LOW HITPOINT WARNING * * *
You slice the death knight!! You headbutt the death knight!
The death knight is severely wounded.
The death knight reflects your damage back at you!
You die...

..............# .. #..........
..............# .. #..........
..............# #. #.##..##...
..............# ####.##'##..##...
###'##+######### ..##............
..............#. #.#>...........
..............#. #.'............
..............#p###.#............
..............##@..##............
.............# #####....####)##..
#...##.......# #######.))##..
#...##.......# +........)..[.
.............# #..........:..
.............# #.............
.............# #..####'####.#
###.##.##....##+####..####.######
#.##.##....##.................)


You could see a death knight (reflects damage).

Vanquished Creatures
  Psyche (D:8)
  A komodo dragon (D:8)
  Grinder (D:6)
  5 yaks (D:6)
  A steam dragon (D:8)
  Menkaure (D:6)
  A sky beast (D:7)
  An orc warrior (D:7)
  4 ogres
  A centaur (D:7)
  3 phantoms
  Blork the orc (D:6)
  A gnoll sergeant (D:8)
  2 bullfrogs
  A scorpion (D:5)
  4 killer bees (D:8)
  A howler monkey (D:4)
  2 jellies
  A gnoll bouda (D:5)
  4 hounds
  An orc priest (D:8)
  3 iguanas
  Natasha (thrice) (D:3)
  6 orc wizards
  9 gnolls
  15 adders
  A white imp (D:6)
  A worm (D:3)
  35 orcs
  4 endoplasms
  6 giant cockroaches
  12 goblins
  7 hobgoblins
  7 jackals (D:1)
  2 kobolds (D:4)
  6 quokkas
  8 ball pythons
  4 bats
  4 frilled lizards
  7 rats
178 creatures vanquished.

Vanquished Creatures (others)
  A gnoll (D:8)
1 creature vanquished.

Grand Total: 179 creatures vanquished

Notes
Turn   | Place    | Note
-------+----------+-------------------------------------------
     0 | D:1      | LLlMATKO the Minotaur Berserker began the quest for the
                  | Orb.
     0 | D:1      | Reached XP level 1. HP: 19/19 MP: 0/0
   150 | D:1      | Found Hufeg's Magic Scroll Emporium.
   361 | D:1      | You fall into a shaft and drop 1 floor!
   387 | D:2      | Reached XP level 2. HP: 27/27 MP: 1/1
   667 | D:2      | Reached XP level 3. HP: 33/33 MP: 2/2
   894 | D:1      | Reached ** piety under Trog
  1801 | D:1      | Found Hufeg's Magic Scroll Emporium.
  2583 | D:3      | Noticed Natasha
  2590 | D:3      | Killed Natasha
  2591 | D:3      | Reached XP level 4. HP: 36/41 MP: 3/3
  2615 | D:3      | Found a radiant altar of Vehumet.
  2655 | D:3      | Noticed Natasha
  2665 | D:3      | Killed Natasha
  2675 | D:3      | Noticed Natasha
  2682 | D:3      | Killed Natasha
  2683 | D:3      | Reached XP level 5. HP: 17/47 MP: 4/4
  2867 | D:3      | Reached skill level 1 in Ranged Weapons
  2956 | D:3      | Noticed a phantom
  2966 | D:3      | Killed a phantom
  2967 | D:3      | Reached skill level 5 in Fighting
  2967 | D:3      | Reached skill level 5 in Axes
  2967 | D:3      | Reached XP level 6. HP: 56/56 MP: 5/5
  3174 | D:3      | Reached *** piety under Trog
  3483 | D:4      | Identified the +0 quarterstaff of Tely {antimagic, rC++}
  3555 | D:4      | Found a shadowy altar of Dithmenos.
  4280 | D:5      | Entered Level 5 of the Dungeon
  4317 | D:4      | Reached XP level 7. HP: 61/61 MP: 6/6
  4650 | D:4      | Found a shadowy altar of Dithmenos.
  5033 | D:5      | Reached skill level 5 in Armour
  5970 | D:6      | Noticed Menkaure
  5977 | D:6      | Reached skill level 5 in Dodging
  5978 | D:6      | Killed Menkaure
  5979 | D:6      | Reached XP level 8. HP: 56/71 MP: 7/7
  6099 | D:6      | Noticed Grinder
  6108 | D:6      | Killed Grinder
  6113 | D:6      | Reached skill level 5 in Ranged Weapons
  6115 | D:6      | Noticed Blork the orc
  6116 | D:6      | Reached XP level 9. HP: 16/79 MP: 8/8
  6342 | D:6      | Killed Blork the orc
  6742 | D:6      | Found an ancient bone altar of Kikubaaqudgha.
  7653 | D:7      | Found a staircase to the Ecumenical Temple.
  7900 | D:8      | Noticed a komodo dragon
  7909 | D:8      | Killed a komodo dragon
  7910 | D:8      | Reached skill level 1 in Shields
  7971 | D:8      | Reached **** piety under Trog
  8005 | D:8      | Noticed Psyche
  8021 | D:8      | Killed Psyche
  8130 | D:8      | HP: 4/82 [steam dragon/ball of steam (8)]
  8132 | D:8      | HP: 1/82 [steam dragon (1)]
  8475 | D:8      | Reached XP level 10. HP: 80/90 MP: 9/9
  8848 | D:8      | Noticed a death knight
  8855 | D:8      | HP: 4/135 [death knight/+2 broad axe (26)]
  8856 | D:8      | Killed by mirror damage

Illustrated notes

Levels and vault maps discovered:
D:1:      doesnt_arrival_eight_statues, layout_loops_corners, serial_shops,
          nicolae_shop_rolling_square, minivault_14, dreamdust_princess_bridge,
          serial_park_tiny_pond, glass_columns_b, minmay_pentomino_x2
D:2:      layout_basic
D:3:      layout_loops_ring, fiery_altar_vehumet, minmay_between, uniq_natasha
D:4:      layout_loops_corners, grunt_dithmenos_smoke
D:5:      layout_gridville, hex_large, minmay_stone_trees_medium
D:6:      layout_rooms, lemuel_round_altar, serial_park_tiny_1,
          grunt_ministairs_13, uniq_blork_the_orc, uniq_grinder, uniq_menkaure
D:7:      layout_loops_ring, minmay_temple_entry_tees, kennysheep_small_spiral,
          kennysheep_generic_room_3
D:8:      layout_gridville, kennysheep_just_a_vault, uniq_psyche

Skill      XL: |  1  2  3  4  5  6  7  8  9 |
---------------+----------------------------+-----
Fighting       | 4 5 6 7 8 |  8.5
Axes           | 4 5 6 7 8 |  8.6
Armour         | 3 4 5 6 8 |  8.0
Dodging        | 3 4 5 6 7 |  7.3
Ranged Weapons | 1 2 3 5 6 |  6.4
Shields        | 2 |  2.6

Action                     |  1- 3 |  4- 6 |  7- 9 | 10-12 || total
---------------------------+-------+-------+-------+-------++-------
  Melee: Hand axe          |    56 |       |       |       ||    56
         Headbutt          |    10 |    21 |    36 |     7 ||    74
         War axe           |    26 |   130 |   168 |    16 ||   340
         Punch             |       |     1 |     3 |       ||     4
 Invoke: Berserk           |       |     2 |     9 |     2 ||    13
    Use: Scroll            |       |       |     2 |       ||     2
 Armour: Chain mail        |    44 |     1 |       |       ||    45
         Plate armour      |       |   111 |   108 |     5 ||   224
  Dodge: Dodged            |    45 |    48 |   107 |     2 ||   202
